← All builds
Front / Cortex / Economy first / OBSERVED BUILD

Lasher skirmishers

Cortex Front build order · Supreme Isthmus

Vehicle Plant from the start leads into early T1 vehicle raid and riot, then Lasher skirmishers pushed to middle from around 2:09, well ahead of the role norm, fighting forward in the middle rather than reacting at home.

#raid #artillery #push · 45 distinct matches · 20 players · 6% of Cortex Front games · team won 53% of 45 · Recently observed

THE CATCH, AND WHAT COMES WITH IT
  • LasherT1 vehicle skirmishers from 2:09 · 8% of role by thenFrom the Vehicle Plant. Only 8% of Front games have it by then; others who build it get it around 2:30
  • Vehicle PlantVehicle Plant in 100%20% of all Front games by then
  • RascalRascal in 100%20% of all Front games by then
  • PounderPounder in 71%13% of all Front games by then
  • LasherLasher in 69%5% of all Front games by then

Where those units first fight, in 45 games with kill data: in the middle 96%.

Those units destroy a typical 2,393 metal of enemy units by 15:00.

Then transitions into incisor (11% of army), brute (10% of army), pounder (10% of army).

HOW TO PLAY IT

Key timing: Lasher by 5:55

  1. Rush Vehicle Plant almost immediately off the opening mex.
  2. Send Incisor raiders out well ahead of the usual role timing.
  3. Add Pounder riot to back the raiders in the middle.
  4. Commit to Lasher skirmishers pushing into middle, not holding.
  5. Transition to Advanced Metal Extractor once the push stabilizes.

Phase by phase

TYPICAL OF ITS 45 GAMES · AGAINST STANDARD FRONT
  1. 1
  2. 2
  3. 3
  4. 4
PLAY THE OPENING

Follow the example game's first 6:00 step by step: what to build now, what comes next, and where it goes. At 1× it keeps pace with your own game.

  1. 1

    Up to the Vehicle Plant

    Economy
    • Metal Extractor2Mex
    Order
    1. Vehicle PlantVehicle Plant after 2 mexdone ~0:45, middle half 0:29–0:50

    Some games also: wind (40%)

    By 0:23 in all: 2 mex

    The example game in this phase · 3 steps
    1. Mex
    2. Wind
    3. Vehicle PlantVehicle Plantdone 0:36 · typical 0:45
  2. 2

    Vehicle Plant to T1 vehicle skirmishers

    Economy
    • Metal Extractor3Mex
    • Wind Turbine2Wind
    Order
    1. LasherT1 vehicle skirmishers after 4 mex, 2 wind
    Builders
    • Construction Vehicle2 Con vehicle +2 vs standard
    Army
    • Rascal4 Rascal +4 vs standard
    • Pounder1 Pounder

    Some games also: incisor (42%)

    The standard build makes here, this one skips: 2 con bot · 3 grunt · 2 thug

    By 2:09 in all: 4 mex · 2 wind

    The example game in this phase · 9 steps
    1. Wind
    2. RascalRascal
    3. Mex
    4. RascalRascal ×2
    5. Mex
    6. Construction VehicleCon vehicle ×2
    7. Mex
    8. PounderPounder
    9. LasherLasherdone 2:05
  3. 3

    T1 vehicle skirmishers to 5:00

    Economy
    • Metal Extractor2Mex
    • Wind Turbine1Wind
    Army
    • Guard2 Guard
    • Lasher8 Lasher +8 vs standard

    Some games also: con turret (44%) · wolverine (38%) · con vehicle (36%)

    The standard build makes here, this one skips: 6 thug · 5 aggravator

    By 5:00 in all: 6 mex · 4 wind

    The example game in this phase · 15 steps
    1. GuardGuard
    2. LasherLasher
    3. Mex
    4. LasherLasher
    5. PounderPounder
    6. Mex
    7. WolverineWolverine
    8. GuardGuard
    9. WolverineWolverine
    10. GuardGuard
    11. LasherLasher ×4
    12. Mex
    13. LasherLasher ×2
    14. Radar TowerRadar Tower
    15. LasherLasher
  4. 4

    5:00 to 10:00

    Economy
    • Metal Extractor1Mex
    • Wind Turbine16Wind
    Builders
    • Construction Turret2 Con turret
    • Construction Vehicle2 Con vehicle +2 vs standard
    Army
    • Guard2 Guard
    • Lasher5 Lasher +5 vs standard
    Other
    • Radar Tower1 Radar Tower

    Some games also: energy storage (44%) · pounder (42%) · incisor (40%) · brute (33%) · wolverine (31%)

    The standard build makes here, this one skips: 2 Graverobber · 8 grunt · 4 thug

    By 10:00 in all: 7 mex · 19 wind · 3 con turret

    The example game in this phase · 86 steps
    1. WolverineWolverine ×3
    2. PounderPounder ×2
    3. LasherLasher ×2
    4. Construction VehicleCon vehicle
    5. RascalRascal
    6. Construction VehicleCon vehicle
    7. Con turret
    8. Construction VehicleCon vehicle
    9. Wind
    10. Construction VehicleCon vehicle
    11. Wind ×2
    12. Construction VehicleCon vehicle
    13. Wind ×3
    14. Construction VehicleCon vehicle
    15. Wind ×7
    16. Construction VehicleCon vehicle
    17. Wind ×6
    18. PounderPounder
    19. Wind ×4
    20. PounderPounder
    21. Wind ×2
    22. Con turret
    23. Wind ×4
    24. PounderPounder
    25. Wind ×4
    26. PounderPounder
    27. Wind ×6
    28. PounderPounder
    29. Wind
    30. Energy storage
    31. Wind ×3
    32. Vehicle PlantEat Vehicle Plantreclaimed for its metal
    33. Wind
    34. Advanced Metal ExtractorT2 mexdone 11:01 · typical 9:32
    35. Wind ×2
    36. Converter
    37. Wind ×7
    38. Converter
    39. Wind ×3
    40. Advanced Metal ExtractorT2 mex
    41. Wind
    42. Converter
    43. Wind ×8
    44. Converter
    45. Wind ×5
    46. Converter
    47. Wind
    48. Advanced Metal ExtractorT2 mex
    49. Wind
    50. Converter
    51. Wind
    52. Converter
    53. Wind ×2
    54. Converter
    55. Wind ×3
    56. Converter
    57. Wind ×5
    58. Advanced Metal ExtractorT2 mex
    59. Bot LabBot Labdone 12:55
    60. Wind ×5
    61. GraverobberGraverobber
    62. Wind ×3
    63. GraverobberGraverobber ×2
    64. Wind ×2
    65. GraverobberGraverobber
    66. Advanced Metal ExtractorT2 mex
    67. GraverobberGraverobber
    68. Wind ×3
    69. Construction BotCon bot
    70. Con turret
    71. Construction BotCon bot
    72. Wind ×3
    73. Con turret
    74. Wind
    75. Bot LabEat Bot Labreclaimed for its metal
    76. Wind
    77. Con turret
    78. Advanced Metal ExtractorT2 mex
    79. Wind
    80. Advanced Vehicle PlantAdvanced Vehicle Plantdone 14:52
    81. Wind
    82. Converter
    83. Wind
    84. Bot LabBot Labnot finished by 15:00
    85. Advanced Construction VehicleT2 con vehicle
    86. Converter

Counts are medians over the build's games: half of them build more, half fewer. The example game is XuunnY's (32 OS, 19/08/2026); pick another.

Team trades

IN AT LEAST 30% OF ITS GAMES

You hand over

Nothing regular.

You get

  • Tidal Generator4 Tidal from Pondfirst at 0:15 · in 78% of games
  • Advanced Construction Bot1 T2 con bot from Geo or Techfirst at 7:23 · in 60% of games

How it plays out

Typical game of this build against the role’s standard build, running totals by minute

  • This build
  • Standard front

Metal produced

010k20k30k
0:005:0010:0015:00

metal

Enemy metal destroyed

02.5k5k7.5k
0:005:0010:0015:00

metal

Own metal lost

05k10k
0:005:0010:0015:00

metal

45 games.

Show as table
ByMetal produced: This buildMetal produced: Standard frontEnemy metal destroyed: This buildEnemy metal destroyed: Standard frontOwn metal lost: This buildOwn metal lost: Standard front
1:003313310000
2:0084985621000
3:0015781627931047886
4:0026312711292389284341
5:0037153853743921513839
6:0047365109119115898711556
7:00582363952088237214132474
8:00695677262593312520753385
9:00819791513602383724534291
10:009753107984190453833005079
11:0011510126424751520543825987
12:0013395145085047569052436925
13:0016096168145189620662847630
14:0019057189695546666373208539
15:0022084206326964725783549305
WHAT THE NUMBERS SAY

Won clearly more often than the standard build while losing far less metal by every checkpoint.

  • + Own metal lost is roughly half the standard build's at 5:00 and 10:00.
  • + Metal produced by 15:00 is higher than standard despite the rush.
  • − Enemy metal destroyed is slightly lower than standard at every checkpoint.
  • − Commits to Vehicle Plant by 0:29 in 100% of games, leaving little flexibility.
THE EXAMPLE YOU ARE READING

XuunnY

32.3 OS · 19/08/2026

Open source match ↗

6 received units · includes a constructor
65 metal received · 68703 energy received

Allied construction assistance is unknown. Timings are observations, not a promise of solo reproducibility.

Typical milestones

Vehicle Plant0:45Middle 50%: 0:29–0:50 · n=45
Advanced Metal Extractor9:32Middle 50%: 8:29–10:24 · n=38

Played most by

XuunnY8games of this buildTheGeneraI6games of this buildErilium5games of this build_X_4games of this buildMischievousDragonGF3games of this build